AoeStats
← LE FURET

Oasis

507299787Analyzed
4v4 RM · 15d ago on Sep 17, 2026· 31m 55s· 8 players
Game mode
Random Map
Map size
Large (8 player)
Population
200
Speed
Normal
Resources
Standard
Victory
Conquest
Starting age
Dark Age
Ending age
Imperial Age
RankedLock teamsTeams togetherTeam positionsShared explorationLock speedFull tech treeHidden civsTurbo modeCheats
Victory
Defeat
🇦🇹 Saracens · Austria
1362
+11
🇦🇷 Poles · Argentina
1302
+14
🇪🇸 Persians · Spain
1298
+14
🇨🇱 Britons · Chile
1296
+14
🇻🇳 Britons · Vietnam
1355
-17
🇮🇳 Franks · India
1231
-12
🇹🇼 Mongols · Taiwan
1222
-12
🇲🇽 Georgians · Mexico
1211
-12
derri
6:50 Loom
9:29 Feudal Age
10:12 Double-Bit Axe
10:14 Horse Collar
15:02 Town Watch
19:23 Scale Barding Armor
22:52 Castle Age
23:37 Bow Saw
23:30 Heavy Plow
23:44 Forging
24:15 Wheelbarrow
24:49 Gold Mining
26:20 Chain Barding Armor
28:20 Bloodlines
28:11 Husbandry
IRON MIKE
7:31 Loom
9:41 Feudal Age
10:10 Double-Bit Axe
12:40 Wheelbarrow
20:31 Castle Age
20:29 Bloodlines
20:26 Scale Barding Armor
20:24 Fletching
21:10 Bodkin Arrow
21:34 Bow Saw
23:06 Padded Archer Armor
23:08 Husbandry
24:38 Horse Collar
25:52 Heavy Plow
25:47 Gold Mining
27:33 Ballistics
28:31 Leather Archer Armor
LE FURET
6:57 Loom
10:32 Feudal Age
11:43 Double-Bit Axe
19:49 Castle Age
18:06 Fletching
18:11 Gold Mining
22:20 Wheelbarrow
21:56 Bow Saw
21:53 Crossbowman
23:14 Gold Shaft Mining
22:48 Horse Collar
24:57 Heavy Plow
25:04 Padded Archer Armor
26:34 Bodkin Arrow
27:49 Pikeman
29:09 Stone Mining
30:35 Ballistics
32:08 Hand Cart
32:41 Leather Archer Armor
TekinNico23
5:58 Loom
8:46 Loom
11:06 Feudal Age
12:25 Double-Bit Axe
15:55 Castle Age
15:31 Scale Barding Armor
15:36 Forging
17:49 Husbandry
17:59 Bloodlines
18:42 Bloodlines
21:06 Horse Collar
24:52 Szlachta Privileges
26:34 Chain Barding Armor
29:57 Iron Casting
33:16 Imperial Age
31:27 Wheelbarrow
.|.
5:48 Loom
8:59 Feudal Age
9:25 Double-Bit Axe
18:09 Wheelbarrow
18:27 Horse Collar
24:48 Castle Age
23:52 Forging
25:42 Bloodlines
25:23 Town Watch
RockAxe2
7:29 Loom
9:46 Feudal Age
21:02 Castle Age
20:09 Wheelbarrow
21:14 Town Watch
21:20 Double-Bit Axe
22:42 Bow Saw
23:15 Gold Mining
23:15 Stone Mining
28:48 Fletching
34:07 Imperial Age
32:39 Hand Cart
32:24 Town Patrol
shogun
7:14 Loom
9:20 Feudal Age
11:51 Fletching
12:02 Padded Archer Armor
18:47 Double-Bit Axe
20:19 Horse Collar
20:32 Gold Mining
22:31 Wheelbarrow
25:34 Castle Age
24:39 Stone Mining
25:42 Crossbowman
26:32 Bodkin Arrow
26:52 Leather Archer Armor
27:22 Bow Saw
28:09 Gold Shaft Mining
27:53 Hand Cart
28:07 Ballistics
30:32 Leather Archer Armor
poppypon
11:07 Feudal Age
15:38 Castle Age
14:01 Double-Bit Axe
15:03 Horse Collar
16:34 Bow Saw
22:11 Wheelbarrow
22:22 Loom
22:48 Stone Mining
25:09 Gold Mining
30:11 Imperial Age
27:58 Bloodlines
27:48 Husbandry
28:27 Gold Shaft Mining
28:54 Ballistics
28:28 Fletching
28:43 Scale Barding Armor
29:55 Murder Holes
29:23 Light Cavalry
30:02 Bodkin Arrow
30:28 Chain Barding Armor
30:53 Stone Shaft Mining
30:22 Elite Mangudai
Connection lost

Rejoining the realm…

Still unreachable

The connection could not be restored.

Session expired

The server has moved on; the page needs a fresh start.